 Dungeon Crawl Stone Soup version 0.30-a0-1114-gd936c97349 (webtiles) character file.

Game seed: 4586681577185609908

47 retardedninja the Firebug (level 3, 0/26 HPs)
             Began as a Gnoll Fire Elementalist on Apr 20, 2023.
             Slain by a jackal (2 damage)
             ... on level 2 of the Dungeon.
             The game lasted 00:02:40 (1607 turns).

retardedninja the Firebug (Gnoll Fire Elementalist) Turns: 1607, Time: 00:02:41

Health: 0/26       AC:  2    Str:  7    XL:     3   Next: 70%
Magic:  8/9        EV: 13    Int: 16    God:
Gold:   59         SH:  0    Dex: 12    Spells: 11/12 levels left

rFire   . . .      SeeInvis .    h - +0 spear
rCold   . . .      Faith    .    (no shield)
rNeg    . . .      Spirit   .    a - +0 robe
rPois   .          Reflect  .    (no helmet)
rElec   .          Rampage  .    (no cloak)
rCorr   .                        (no gloves)
Will    .....                    (no boots)
Stlth   ++                       (no amulet)
HPRegen 0.24/turn                (no ring)
MPRegen 0.11/turn                (no ring)

@: no status effects
A: fangs 1, strong nose, distributed training
a: no special abilities


You were on level 2 of the Dungeon.
You visited 1 branch of the dungeon, and saw 2 of its levels.

You collected 59 gold pieces.

Inventory:

Hand Weapons
 h - a +0 spear (weapon)
Armour
 a - a +0 robe (worn)
 f - a +0 pair of gloves
Scrolls
 c - a scroll of identify {unknown}
 i - a scroll of amnesia {unknown}
 j - a scroll of poison {unknown}
 l - a scroll of teleportation {unknown}
 m - a scroll of torment {unknown}
Potions
 b - 2 potions of magic
 d - a potion of cancellation
 e - a potion of attraction {unknown}
 g - a potion of degeneration {unknown}
 k - 2 potions of curing


   Skills:
 + Level 1.0 Fighting
 + Level 1.0 Short Blades
 + Level 1.0 Long Blades
 + Level 1.0 Axes
 + Level 1.0 Maces & Flails
 + Level 1.0 Polearms
 + Level 1.0 Staves
 + Level 1.0 Ranged Weapons
 + Level 1.0 Throwing
 + Level 1.0 Armour
 + Level 4.6 Dodging
 + Level 4.2 Stealth
 + Level 1.0 Shields
 + Level 1.0 Unarmed Combat
 + Level 5.0 Spellcasting
 + Level 2.1 Conjurations
 + Level 0.7 Hexes
 + Level 0.7 Summonings
 + Level 0.7 Necromancy
 + Level 0.7 Translocations
 + Level 0.7 Transmutations
 + Level 5.4 Fire Magic
 + Level 0.7 Ice Magic
 + Level 0.7 Air Magic
 + Level 0.7 Earth Magic
 + Level 0.7 Poison Magic
 + Level 1.0 Invocations
 + Level 1.0 Evocations


You had 11 spell levels left.
You knew the following spells:

 Your Spells              Type           Power      Damage    Failure   Level
a - Foxfire               Conj/Fire      64%        2x1d7     3%          1

Your spell library contained the following spells:

 Spells                   Type           Power      Damage    Failure   Level
 Scorch                   Fire           42%        2d6       2%          2
 Inner Flame              Hex/Fire       13%        N/A       13%         3
 Volatile Blastmotes      Fire/Tloc      26%        2d12      13%         3
 Flame Wave               Conj/Fire      16%        2d7       32%         4


Dungeon Overview and Level Annotations

Branches:
Dungeon (2/15)

Altars:


Innate Abilities, Weirdness & Mutations

You have very sharp teeth.
Your uncanny sense of smell can sniff out nearby items.
Your experience applies equally to all skills.


Message History

The jackal bites you.
* * * LOW HITPOINT WARNING * * *
The jackal bites you but does no damage.
You hit the jackal but do no damage. Your bite misses the jackal.
The jackal is heavily wounded.
The jackal bites you.
* * * LOW HITPOINT WARNING * * *
The jackal bites you but does no damage.
The jackal bites you.
* * * LOW HITPOINT WARNING * * *
It was a potion of cancellation.
You feel magically purged.
The jackal bites you but does no damage.
The jackal barely misses you. x2; The jackal closely misses you.
It was a potion of curing.
You feel better. The jackal bites you. The jackal barely misses you.
The jackal misses you.
The jackal bites you but does no damage.
The jackal completely misses you.
Okay, then.
You barely miss the jackal.
The jackal is heavily wounded.
The jackal closely misses you. The jackal misses you.
The jackal closely misses you.
You hit the jackal but do no damage. You bite the jackal, but do no damage.
The jackal is heavily wounded.
The jackal closely misses you. The jackal misses you.
The jackal closely misses you.
The jackal bites you but does no damage.
The jackal bites you. The jackal misses you.
You hit the jackal but do no damage.
The jackal is heavily wounded.
The jackal bites you.
* * * LOW HITPOINT WARNING * * *
The jackal closely misses you. The jackal bites you.
* * * LOW HITPOINT WARNING * * *
You hit the jackal.
You kill the jackal!
The jackal bites you.
* * * LOW HITPOINT WARNING * * *
The jackal bites you.
You die...

#.#####
#.....# #.#
#.#
#######h###
......h@.>#
#########.#
#.# #.# #.#
#.# #.#
##.# ###..#


You could see 2 jackals.

Vanquished Creatures
  2 adders (D:2)
  A dart slug (D:1)
  2 endoplasms
  A giant cockroach (D:1)
  A hobgoblin (D:1)
  4 jackals
  3 kobolds (D:1)
  4 quokkas
  A ball python (D:1)
  3 goblins (D:1)
  4 rats
26 creatures vanquished.

Vanquished Creatures (collateral kills)
  2 foxfires (D:1)
2 creatures vanquished.

Vanquished Creatures (others)
  92 foxfires
92 creatures vanquished.

Grand Total: 120 creatures vanquished

Notes
Turn   | Place    | Note
-------+----------+-------------------------------------------
     0 | D:1      | retardedninja the Gnoll Fire Elementalist began the quest
                  | for the Orb.
     0 | D:1      | Reached XP level 1. HP: 13/13 MP: 6/6
     2 | D:1      | Noticed a demonspawn
     2 | D:1      | Noticed a naga
     4 | D:1      | Noticed a minotaur
     4 | D:1      | Noticed a felid
     6 | D:1      | Noticed an ogre
     6 | D:1      | Noticed an elf
     8 | D:1      | Noticed a vine stalker
     8 | D:1      | Noticed a human
    10 | D:1      | Noticed an armataur
    12 | D:1      | Noticed a meteoran
    12 | D:1      | Noticed a merfolk
    14 | D:1      | Noticed a troll
    16 | D:1      | Noticed a vampire
    16 | D:1      | Noticed a demigod
    18 | D:1      | Noticed a draconian
    18 | D:1      | Noticed a tengu
    20 | D:1      | Noticed a formicid
    22 | D:1      | Noticed a ghoul
    22 | D:1      | Noticed a spriggan
    24 | D:1      | Noticed a meteoran
    24 | D:1      | Noticed an octopode
    26 | D:1      | Noticed an octopode
    26 | D:1      | Noticed a spriggan
   274 | D:1      | Reached XP level 2. HP: 6/19 MP: 0/7
   413 | D:1      | Found a faded altar of an unknown god.
  1055 | D:1      | Reached skill level 5 in Spellcasting
  1055 | D:1      | Reached XP level 3. HP: 25/25 MP: 4/9
  1370 | D:2      | Reached skill level 1 in Invocations
  1512 | D:2      | Reached skill level 1 in Fighting
  1512 | D:2      | Reached skill level 1 in Short Blades
  1512 | D:2      | Reached skill level 1 in Long Blades
  1512 | D:2      | Reached skill level 1 in Axes
  1512 | D:2      | Reached skill level 1 in Maces & Flails
  1512 | D:2      | Reached skill level 1 in Polearms
  1512 | D:2      | Reached skill level 1 in Staves
  1512 | D:2      | Reached skill level 1 in Ranged Weapons
  1512 | D:2      | Reached skill level 1 in Throwing
  1512 | D:2      | Reached skill level 1 in Armour
  1512 | D:2      | Reached skill level 1 in Shields
  1512 | D:2      | Reached skill level 1 in Unarmed Combat
  1512 | D:2      | Reached skill level 1 in Evocations
  1607 | D:2      | Slain by a jackal

Illustrated notes

Levels and vault maps discovered:
D:1:      kb_arrival_jail, layout_basic, shapermc_ecumenical_altar_ellora,
          minmay_tetromino_t2
D:2:      layout_basic

Skill      XL: |  1  2  3 |
---------------+----------+-----
Conjurations   | 2 |  2.1
Spellcasting   | 5 |  5.0
Invocations    | 1 |  1.0
Fighting       | 1 |  1.0
Short Blades   | 1 |  1.0
Long Blades    | 1 |  1.0
Axes           | 1 |  1.0
Maces & Flails | 1 |  1.0
Polearms       | 1 |  1.0
Staves         | 1 |  1.0
Ranged Weapons | 1 |  1.0
Throwing       | 1 |  1.0
Armour         | 1 |  1.0
Shields        | 1 |  1.0
Unarmed Combat | 1 |  1.0
Evocations     | 1 |  1.0
Dodging        | |  4.6
Stealth        | |  4.2
Hexes          | |  0.7
Summonings     | |  0.7
Necromancy     | |  0.7
Translocations | |  0.7
Transmutations | |  0.7
Fire Magic     | |  5.4
Ice Magic      | |  0.7
Air Magic      | |  0.7
Earth Magic    | |  0.7
Poison Magic   | |  0.7

Action                     || total
---------------------------++-------
  Melee: Spear             ||    18
         Bite              ||     3
   Cast: Foxfire           ||    63
    Use: Potion            ||     2
 Armour: Robe              ||    15
  Dodge: Dodged            ||    72

Table legend: (Time is in decaauts)
 A = Elapsed time spent in this place.
 B = Non-inter-level travel time spent in this place.
 C = Inter-level travel time spent in this place.
 D = Time resting spent in this place.
 E = Time spent auto-exploring this place.
 F = Levels seen in this place.
 G = Mean time per level.
                   A        B        C        D        E       F      G
               +--------+--------+--------+--------+--------+-----+--------+
         Total |   1607 |   1586 |     21 |     67 |   1299 |   2 |  803.5 |
       Dungeon |   1607 |   1586 |     21 |     67 |   1299 |   2 |  803.5 |
               +--------+--------+--------+--------+--------+-----+--------+

Top non-repeatable levels by time:
     D:1: 1346 daAuts
     D:2: 261 daAuts
